Map: Habitation Station LE (Void)

Players

xm9y - Winner!

  • Race: Protoss Protoss
  • League: Diamond
  • Spawn Location: 1:00

Gorod

  • Race: Zerg Zerg
  • League: Diamond
  • Spawn Location: 11:00

VOD

Have the link to the VOD?

Description

Time

  • Played on: Dec. 19, 2016, 7:01 a.m.
  • Length: 8:54
Show
View Real Time Build Order
Export as new Build Order

xm9y Protoss - Winner!

Build Orders:  

Get SALT Encoding   

  12  0:01  Probe (Chrono Boost)  
  13  0:12  Probe (Chrono Boost)  
  14  0:18  Pylon  
  14  0:22  Probe (Chrono Boost)  
  15  0:36  Probe (Chrono Boost)  
  15  0:40  Forge  
  16  0:47  Probe (Chrono Boost)  
  17  0:58  Pylon, Probe (Chrono Boost)  
  18  1:08  Probe (Chrono Boost)  
  19  1:17  Photon Cannon  
  19  1:21  Photon Cannon  
  19  1:24  Probe (Chrono Boost)  
  20  1:35  Probe (Chrono Boost)  
  20  1:42  Gateway  
  20  1:45  Probe (Chrono Boost)  
  21  1:53  Nexus  
  21  1:56  Probe (Chrono Boost)  
  21  1:59  Assimilator  
  22  2:10  Assimilator  
  22  2:12  Photon Cannon  
  22  2:24  Probe (Chrono Boost)  
  23  2:38  Pylon  
  23  2:41  Cybernetics Core  
  23  2:56  Probe (Chrono Boost)  
  24  3:02  Zealot, Pylon  
  26  3:07  Probe (Chrono Boost)  
  26  3:12  Probe (Chrono Boost)  
  28  3:17  Probe (Chrono Boost)  
  29  3:23  Mothership Core (Chrono Boost)  
  29  3:25  Photon Cannon  
  31  3:28  Probe (Chrono Boost)  
  32  3:36  Pylon  
  32  3:38  Probe (Chrono Boost)  
  34  3:41  Stargate, Probe (Chrono Boost)  
  34  3:49  Warp Gate, Probe (Chrono Boost)  
  34  3:52  Probe (Chrono Boost)  
  36  3:59  Probe (Chrono Boost)  
  37  4:05  Photon Cannon  
  37  4:16  Probe (Chrono Boost)  
  39  4:17  Probe (Chrono Boost)  
  39  4:19  Sentry  
  39  4:24  Assimilator  
  41  4:26  Assimilator, Probe (Chrono Boost)  
  41  4:29  Probe (Chrono Boost)  
  43  4:36  Void Ray  
  43  4:37  Probe (Chrono Boost)  
  44  4:41  Probe (Chrono Boost)  
  49  4:47  Probe (Chrono Boost)  
  51  4:54  Pylon, Probe (Chrono Boost)  
  51  4:58  Probe (Chrono Boost)  
  52  5:06  Probe (Chrono Boost)  
  53  5:08  Probe (Chrono Boost)  
  53  5:13  Void Ray  
  54  5:18  Probe (Chrono Boost)  
  54  5:20  Sentry  
  61  5:46  Pylon  
  61  6:00  Void Ray  
  61  6:02  Probe (Chrono Boost)  
  61  6:04  Pylon  
  62  6:06  Probe (Chrono Boost)  
  67  6:15  Stargate  
  67  6:27  Sentry  
  69  6:40  Void Ray  
  69  6:43  Probe x2 (Chrono Boost)  
  69  6:46  Stargate  
  75  6:58  Gateway  
  75  7:01  Pylon  
  75  7:17  Void Ray  
  75  7:23  Pylon  
  75  7:25  Void Ray  
  83  7:44  Void Ray  
  87  7:52  Fleet Beacon  
  87  7:54  Void Ray  
  91  8:09  Photon Cannon  
  91  8:10  Photon Cannon  
  91  8:11  Nexus  
  91  8:13  Pylon  
  91  8:34  Nexus  
Show
View Real Time Build Order
Export as new Build Order

Gorod Zerg 

Build Orders: Hatch First, Zergling Baneling 

Get SALT Encoding   

  12  0:01  Drone  
  13  0:08  Drone  
  14  0:14  Extractor  
  14  0:16  Drone  
  15  0:39  Hatchery  
  14  0:46  Drone, Extractor  
  15  1:00  Spawning Pool  
  14  1:07  Extractor  
  14  1:08  Drone  
  15  1:19  Overlord  
  14  1:42  Drone  
  14  1:43  Drone x2  
  17  1:55  Zergling x2  
  17  2:00  Drone  
  19  2:03  Extractor  
  19  2:07  Zergling x2  
  19  2:20  Zergling x4  
  21  2:24  Extractor  
  21  2:25  Queen  
  22  2:33  Queen  
  24  3:05  Drone  
  24  3:06  Drone x3  
  24  3:07  Metabolic Boost  
  28  3:21  Baneling Nest  
  28  3:23  Drone  
  28  3:27  Overlord  
  28  3:31  Overlord  
  28  3:59  Zergling x4  
  28  4:00  Zergling x14  
  33  4:14  Drone  
  33  4:15  Drone x4  
  38  4:20  Overlord  
  38  4:34  Baneling x7  
  38  4:35  Baneling x2  
  38  4:43  Zergling x8  
  42  4:55  Zergling x12  
  40  5:39  Zergling x12  
  43  5:43  Spore Crawler  
  43  5:45  Spore Crawler  
  43  5:47  Spore Crawler x2  
  43  5:48  Spore Crawler  
  32  6:02  Drone x2  
  32  6:03  Drone x2  
  36  6:15  Drone  
  36  6:16  Drone x6  
  40  6:25  Drone  
  40  6:29  Spore Crawler  
  40  6:37  Drone x2  
  42  6:49  Zergling x2  
  42  6:50  Zergling x2  
  43  6:55  Overlord x3  
  43  7:12  Evolution Chamber  
  43  7:14  Zergling x16  
  43  7:15  Zergling x4  
  51  7:20  Lair  
  50  7:31  Drone  
  49  8:00  Queen  
  49  8:04  Extractor  
  49  8:05  Drone  
  51  8:06  Overlord x3, Extractor  
  41  8:38  Hatchery  
Tags
 
Add a new tag
Caveats
  • Supply blocks, unpowered buildings, or Contaminate may cause inaccurate times.
  • Supply counts are checked every 10 seconds.